Map: Port Aleksander LE

Players

Feniks - Winner!

  • Race: Protoss Protoss
  • Spawn Location: 5:00

Gyalgatine

  • Race: Terran Terran
  • League: Master
  • Spawn Location: 11:00

VOD

Have the link to the VOD?

Description

Time

  • Played on: March 30, 2019, 2:18 p.m.
  • Length: 7:11
Show
View Real Time Build Order
Export as new Build Order

Feniks Protoss - Winner!

Build Orders: Proxy Void Ray 

Get SALT Encoding   

  12  0:10  Probe  
  12  0:11  Pylon  
  13  0:18  Probe  
  14  0:33  Gateway  
  14  0:36  Probe  
  15  0:49  Probe  
  16  0:54  Assimilator  
  16  0:58  Assimilator  
  16  1:04  Probe  
  17  1:26  Cybernetics Core  
  17  1:33  Probe  
  18  1:45  Probe  
  19  1:57  Probe  
  20  2:02  Adept  
  20  2:03  Warp Gate  
  20  2:06  Pylon  
  22  2:09  Probe  
  23  2:24  Probe  
  24  2:31  Stargate, Pylon  
  24  2:36  Adept  
  26  2:38  Probe  
  27  2:46  Pylon  
  27  3:03  Gateway  
  27  3:07  Shield Battery  
  27  3:09  Void Ray  
  27  3:10  Shield Battery  
  31  3:42  Void Ray  
  31  3:53  Stalker  
  37  4:20  Shield Battery, Stalker x2  
  41  4:29  Void Ray  
  41  4:37  Shield Battery  
  41  5:14  Void Ray  
  35  5:46  Stalker x2  
  35  5:47  Void Ray  
  39  6:17  Pylon  
  35  6:38  Stalker x2  
  39  7:02  Stalker x2  
Show
View Real Time Build Order
Export as new Build Order

Gyalgatine Terran 

Build Orders: Gas First Reaper Expand 

Get SALT Encoding   

  12  0:00  SCV  
  13  0:13  SCV  
  14  0:18  Supply Depot  
  14  0:25  SCV  
  15  0:30  Refinery  
  15  0:40  SCV  
  16  0:46  Barracks  
  16  0:52  SCV  
  18  1:04  SCV  
  18  1:16  SCV  
  19  1:33  Orbital Command  
  19  1:39  Reaper  
  20  1:57  Command Center  
  20  2:02  Factory  
  20  2:06  SCV  
  21  2:12  Barracks Reactor  
  21  2:19  SCV  
  22  2:24  Supply Depot, Refinery  
  22  2:31  SCV  
  23  2:45  SCV  
  23  2:48  Starport  
  23  2:49  Marine x2  
  26  2:53  Factory Tech Lab  
  26  2:58  SCV  
  27  3:09  Orbital Command  
  27  3:14  Cyclone  
  27  3:16  Marine  
  27  3:19  Marine  
  32  3:24  SCV  
  32  3:26  Starport Tech Lab  
  33  3:36  SCV  
  33  3:37  SCV  
  34  3:44  Marine x2  
  36  3:51  Raven  
  36  3:54  SCV x2  
  40  3:57  Supply Depot  
  40  4:06  SCV  
  41  4:13  Marine x2  
  41  4:28  Barracks  
  41  4:31  Marine x2  
  41  4:36  Orbital Command  
  40  4:41  Cyclone  
  43  4:49  Marine  
  44  4:55  Raven  
  44  4:57  Marine  
  41  5:15  Marine, Cyclone  
  43  5:21  Supply Depot  
  43  5:22  Marine  
  41  5:32  Engineering Bay  
  41  5:33  Marine  
  38  6:19  Supply Depot  
  38  6:22  Supply Depot  
  38  6:27  Marine, SCV x2  
  38  6:36  Cyclone  
  41  6:44  Marine  
Tags
 
Add a new tag
Caveats
  • Supply blocks, unpowered buildings, or Contaminate may cause inaccurate times.
  • Supply counts are checked every 10 seconds.